 Dungeon Crawl Stone Soup version 0.17.1-1-g73c8601 (console) character file.

1600 Dingbat the Sneak (level 8, 0/69 HPs)
             Began as a Naga Monk on Apr 10, 2016.
             Was a Priest of Cheibriados.
             Slain by an orc warrior
             ... wielding a +2 hand axe of chopping
              (2 damage)
             ... on level 8 of the Dungeon.
             The game lasted 00:20:23 (7960 turns).

Dingbat the Sneak (Naga Monk)                       Turns: 7960, Time: 00:20:23

Health: 0/69       AC:  8    Str: 21    XL:     8   Next: 94%
Magic:  13/18      EV: 10    Int: 20    God:    Cheibriados [***...]
Gold:   400        SH:  0    Dex: 23    Spells: 3 memorised, 2 levels left

rFire  . . .     SeeInvis +     a - +2 mace
rCold  . . .     Clarity  .     d - +1 ring mail
rNeg   . . .     SustAt   .     (no shield)
rPois  +         Gourm    .     t - +0 helmet
rElec  .         Spirit   .     (no cloak)
rCorr  .         Warding  .     (no gloves)
rMut   .         Stasis   .     (no barding)
MR     +....                    (no amulet)
Stlth  ++++......               p - ring of wizardry
                                j - ring of magical power

@: short of breath, very slow, somewhat resistant to hostile enchantments,
stealthy
A: see invisible, deformed body, poison resistance, slowness 2, slow metabolism
1, spit poison 2, AC +2
a: Spit Poison, Bend Time, Temporal Distortion, Renounce Religion


You were on level 8 of the Dungeon.
You worshipped Cheibriados.
Cheibriados was most pleased with you.
You were not hungry.

You visited 2 branches of the dungeon, and saw 10 of its levels.

You collected 400 gold pieces.

Inventory:

Hand Weapons
 a - a +2 mace (weapon)
 b - a +0 shortbow
 f - a +0 hunting sling
 g - a +0 short sword
 n - a +0 quarterstaff
 P - a cursed -1 dagger
Missiles
 h - 188 stones (quivered)
 i - 40 bolts
 m - 16 poisoned needles
 y - 43 sling bullets
 F - 65 arrows
Armour
 d - a +1 ring mail (worn)
 k - a +0 robe
 t - a +0 helmet (worn)
 x - a +0 plate armour
Jewellery
 j - a ring of magical power (left hand)
 p - a ring of wizardry (right hand)
Wands
 B - a wand of flame (18)
 D - a wand of lightning (9)
 M - a wand of enslavement (16)
Scrolls
 q - 4 scrolls of remove curse
 v - 3 scrolls of blinking
 C - a scroll of fear
 O - a scroll of recharging
Potions
 e - 3 potions of curing {unknown}
 o - 2 potions of degeneration {unknown}
 r - a potion of resistance
 s - a potion of magic {unknown}
 u - a potion of cure mutation {unknown}
 w - 3 potions of agility {unknown}
 z - a potion of cancellation {unknown}
 A - a potion of haste {unknown}
 G - 2 potions of poison {unknown}
 I - a potion of lignification {unknown}
Books
 J - a book of Battle

   Spells                             Type                      Level
   a - Infusion                       Charms                       1
   b - Shroud of Golubria             Charms/Translocation         2
   c - Song of Slaying                Charms                       2
   d - Spectral Weapon                Hexes/Charms                 3
   e - Regeneration                   Charms/Necromancy            3
Comestibles
 l - 5 meat rations
 E - 3 bread rations
 H - 4 fruits


   Skills:
 - Level 3.4 Fighting
 - Level 0.2 Short Blades
 + Level 7.0 Maces & Flails
 - Level 4.0 Armour
 - Level 2.4 Dodging
 - Level 7.8 Stealth
 - Level 4.0 Unarmed Combat
 + Level 3.4 Charms
 + Level 1.5 Invocations


You had 2 spell levels left.
You knew the following spells:

 Your Spells              Type           Power        Failure   Level  Hunger
a - Infusion              Chrm           ##....       4%          1    ##.....
b - Shroud of Golubria    Chrm/Tloc      #.........   10%         2    ###....
c - Song of Slaying       Chrm           ##......     6%          2    ###....


Dungeon Overview and Level Annotations

Branches:
Dungeon (9/15)             Temple (1/1) D:4
   Lair: D:8-11         Orc: D:9-12

Altars:
Ashenzari
Cheibriados
Dithmenos
Gozag
Kikubaaqudgha
Makhleb
Nemelex Xobeh
Okawaru
Qazlal
Sif Muna
Trog
Vehumet
Yredelemnul
Zin
The Shining One

Annotations:
D:2 exclusions: downstairs and 1 more exclusion
D:5 exclusion: downstairs
D:9 exclusion: door


Innate Abilities, Weirdness & Mutations

You cannot wear boots.
Your serpentine skin is tough (AC +2).
You have supernaturally acute eyesight.
Armour fits poorly on your strangely shaped body.
Your system is resistant to poisons.
You cover ground very slowly.
You have a slow metabolism.
You can spit poison.


Message History

The orc warrior is lightly wounded.
You barely miss the orc warrior.
You punch the orc warrior, but do no damage.
The orc warrior is lightly wounded.
The orc warrior hits you with a hand axe of chopping.
Press: ? - help, Shift-Dir - straight line, f/p - orc warrior
Aim: an orc warrior, wielding a hand axe of chopping and wearing a plate armour (lightly wounded, slow)
The splash of poison hits the orc warrior.
The orc warrior appears unharmed.
The orc warrior is lightly wounded.
You feel slightly more hungry.
You barely miss the orc warrior.
The orc warrior is lightly wounded.
The orc warrior hits you with a hand axe of chopping!
* * * LOW HITPOINT WARNING * * *
x2 You hit the orc warrior.
The orc warrior is moderately wounded.
The orc warrior hits you with a hand axe of chopping!
* * * LOW HITPOINT WARNING * * *
You die...

###### #.# #.. .. .. #..... #.#
#.# .. .# #.#### #.## #.# ..
.### #######.## ... ... .#
..... .........# ..# #.# .##..
..# #######..# ..# #.# ... #.#
#..# ..####.##.#### #o# #..#
..)...).<....#.#@###########..#
.##.##)#####.#................#
..#.##.## #.#############.#.##
...<....####.### #.#.#
..#.##>........## #.#.#
.##.###.####....##### #.#.#
.##.###.............# #.#.##
.##.)...........###.# #....###
.######..#####.## #.# #......#


You could see an orc warrior.

Vanquished Creatures
  A hungry ghost (D:8)
  A phantom (D:4)
  A necrophage (D:6)
  An ogre (D:5)
  3 centaurs
  2 giant frogs
  4 killer bees (D:8)
  A crimson imp (D:5)
  6 orc wizards
  A hound (D:8)
  3 centaur skeletons
  An iguana (D:7)
  An orc priest (D:7)
  4 worker ants
  A hound zombie (D:9)
  4 gnolls (D:8)
  7 adders
  2 oozes
  An adder skeleton (D:7)
  4 worms
  2 giant geckos
  10 orcs
  8 goblins
  6 hobgoblins
  12 jackals
  6 kobolds
  2 ball pythons
  12 bats
  3 giant cockroaches
  2 giant gecko skeletons
  9 giant newts
  2 quokkas
  A quokka skeleton (D:5)
  5 rats
129 creatures vanquished.

Notes
Turn   | Place    | Note
--------------------------------------------------------------
     0 | D:1      | Dingbat the Naga Monk began the quest for the Orb.
     0 | D:1      | Reached XP level 1. HP: 21/21 MP: 1/1
   262 | D:1      | Reached XP level 2. HP: 22/28 MP: 2/2
   331 | D:2      | Found a bloodstained altar of Trog.
   332 | D:2      | Found a sparkling altar of Nemelex Xobeh.
   336 | D:2      | Found a basalt altar of Yredelemnul.
  1174 | D:1      | Reached XP level 3. HP: 32/34 MP: 3/3
  1247 | D:1      | Noticed a giant frog
  1266 | D:1      | Killed a giant frog
  1266 | D:1      | Reached skill level 1 in Maces & Flails
  1266 | D:1      | Reached skill level 5 in Stealth
  1266 | D:1      | Reached XP level 4. HP: 32/42 MP: 4/4
  2022 | D:2      | Reached skill level 6 in Stealth
  2022 | D:2      | Reached XP level 5. HP: 26/49 MP: 5/5
  2672 | D:4      | Noticed a phantom
  3285 | D:4      | Reached skill level 7 in Stealth
  3285 | D:4      | Reached XP level 6. HP: 46/56 MP: 6/6
  3664 | D:4      | Found a staircase to the Ecumenical Temple.
  3673 | D:4      | Found an opulent altar of Gozag.
  3678 | D:5      | Entered Level 5 of the Dungeon
  3777 | Temple   | Entered the Ecumenical Temple
  3791 | Temple   | Became a worshipper of Cheibriados the Contemplative
  3791 | Temple   | Reached * piety under Cheibriados
  3791 | Temple   | Reached ** piety under Cheibriados
  4034 | D:4      | Killed a phantom
  4034 | D:4      | Reached skill level 1 in Armour
  4034 | D:4      | Reached XP level 7. HP: 45/62 MP: 7/7
  4710 | D:5      | Reached skill level 5 in Maces & Flails
  5244 | D:4      | Found a sparkling altar of Nemelex Xobeh.
  5645 | D:6      | Reached XP level 8. HP: 52/66 MP: 8/8
  5884 | D:7      | Reached *** piety under Cheibriados
  6254 | D:8      | Learned a level 1 spell: Infusion
  6257 | D:8      | Learned a level 2 spell: Shroud of Golubria
  6260 | D:8      | Learned a level 2 spell: Song of Slaying
  6286 | D:7      | Found a deep blue altar of Sif Muna.
  6342 | D:7      | Found a glowing golden altar of the Shining One.
  6615 | D:7      | Found a stormy altar of Qazlal.
  7085 | D:8      | Reached skill level 1 in Charms
  7491 | D:8      | Reached **** piety under Cheibriados
  7867 | D:8      | Reached skill level 1 in Invocations
  7960 | D:8      | HP: 2/69 [orc warrior/hand axe of chopping (12)]
  7960 | D:8      | Slain by an orc warrior

Action                   |  1- 3 |  4- 6 |  7- 9 || total
-------------------------+-------+-------+-------++-------
Melee: Short sword       |    47 |       |       ||    47
       Unarmed           |     4 |       |     4 ||     8
       Mace              |    10 |   217 |   186 ||   413
 Fire: Shortbow          |       |       |     3 ||     3
Throw: Stone             |       |       |     1 ||     1
Invok: Bend Time         |       |       |     3 ||     3
 Abil: Spit Poison       |     1 |    11 |    14 ||    26
  Use: Scroll            |     4 |     7 |     3 ||    14
       Potion            |       |       |     3 ||     3
 Stab: Sleeping          |     6 |     5 |    15 ||    26
       Distracted        |       |     1 |       ||     1
  Eat: Chunk             |       |     8 |     9 ||    17
       Royal jelly       |       |       |     1 ||     1
       Pizza             |       |       |     1 ||     1
